AoeStats
← Salmonella Fitzgerald

Arabia

509534491Analyzed
4v4 RM · 6d ago on Sep 27, 2026· 32m 22s· 8 players
Game mode
Random Map
Map size
Large (8 player)
Population
200
Speed
Normal
Resources
Standard
Victory
Conquest
Starting age
Dark Age
Ending age
Imperial Age
RankedLock teamsTeams togetherTeam positionsShared explorationLock speedFull tech treeHidden civsTurbo modeCheats
Victory
Defeat
🇨🇱 Franks · Chile
995
+15
🇨🇴 Shu · Colombia
959
+16
🇦🇷 Ethiopians · Argentina
958
+16
🇪🇸 Spanish · Spain
919
+18
🇦🇷 Franks · Argentina
1036
-19
🇦🇷 Italians · Argentina
1025
-19
🇦🇷 Spanish · Argentina
898
-14
🇦🇷 Inca · Argentina
879
-13
Eng - Esp
9:15 Loom
11:49 Feudal Age
12:42 Horse Collar
12:49 Double-Bit Axe
15:24 Town Watch
20:33 Castle Age
20:39 Wheelbarrow
20:00 Fletching
20:10 Padded Archer Armor
20:21 Gold Mining
21:24 Bow Saw
20:39 Crossbowman
21:43 Bodkin Arrow
25:04 Leather Archer Armor
25:55 Gold Shaft Mining
25:10 Stone Mining
27:38 Hand Cart
27:23 Town Patrol
28:21 Thumb Ring
29:09 Town Patrol
29:36 Murder Holes
axelinho 123836
4:19 Loom
10:33 Feudal Age
14:56 Double-Bit Axe
15:05 Fletching
15:16 Padded Archer Armor
18:28 Horse Collar
21:25 Wheelbarrow
25:10 Castle Age
23:04 Gold Mining
23:04 Stone Mining
25:15 Crossbowman
26:02 Thumb Ring
25:54 Bodkin Arrow
26:15 Leather Archer Armor
26:40 Gold Shaft Mining
26:40 Stone Shaft Mining
28:23 Bow Saw
29:34 Hand Cart
Master of Ludus
0:29 Loom
11:23 Feudal Age
12:10 Horse Collar
12:18 Double-Bit Axe
13:31 Wheelbarrow
18:44 Stone Mining
25:30 Castle Age
24:26 Town Watch
24:33 Man-at-Arms
25:00 Arson
25:49 Fletching
26:21 Forging
25:57 Elite Skirmisher
26:03 Pikeman
29:09 Hand Cart
29:59 Bodkin Arrow
31:27 Ballistics
k4tRE !
4:08 Loom
11:51 Feudal Age
12:24 Double-Bit Axe
19:20 Castle Age
18:12 Gold Mining
20:52 Bow Saw
23:57 Forging
26:14 Husbandry
28:18 Wheelbarrow
29:43 Hand Cart
Colorin Colorado
6:10 Loom
11:07 Feudal Age
13:56 Double-Bit Axe
20:00 Padded Archer Armor
20:35 Fletching
25:34 Castle Age
25:39 Elite Skirmisher
30:57 Leather Archer Armor
Zack Ratio
7:59 Loom
10:29 Feudal Age
12:05 Double-Bit Axe
20:38 Scale Barding Armor
20:44 Forging
Salmonella Fitzgerald
8:50 Loom
11:04 Feudal Age
11:36 Double-Bit Axe
22:58 Castle Age
23:07 Elite Skirmisher
26:18 Wheelbarrow
28:26 Elite Skirmisher
29:17 Padded Archer Armor
29:08 Fletching
elpedritox
2:34 Loom
10:26 Feudal Age
11:36 Double-Bit Axe
19:05 Horse Collar
23:13 Castle Age
21:35 Padded Archer Armor
23:33 Bloodlines
24:04 Elite Skirmisher
25:45 Pikeman
26:25 Squires
Connection lost

Rejoining the realm…

Still unreachable

The connection could not be restored.

Session expired

The server has moved on; the page needs a fresh start.